 Dungeon Crawl Stone Soup version 0.31-a0-175-g9f7f995f2b (webtiles) character file.

Game seed: 8347671058508917098

48 qw the Chopper (level 3, -4/23 HPs)
             Began as a Gargoyle Fighter on June 16, 2023.
             Slain by Sigmund
             ... wielding a +0 scythe
              (9 damage)
             ... on level 2 of the Dungeon.
             The game lasted 00:00:33 (916 turns).

qw the Chopper (Gargoyle Fighter)                    Turns: 916, Time: 00:00:34

Health: -4/23      AC: 12    Str: 21    XL:     3   Next: 72%
Magic:  3/3        EV:  7    Int:  8    God:
Gold:   88         SH:  4    Dex:  9    Spells: 2/2 levels left

rFire   . . .        Y - +0 war axe
rCold   . . .        c - +0 buckler
rNeg    + . .        m - +0 chain mail
rPois   inf          (no helmet)
rElec   +            (no cloak)
rCorr   .            (no gloves)
SInv    .            (no boots)
Will    .....        (no amulet) Stlth
                     (no ring)
HPRegen 0.23/turn    (no ring)
MPRegen 0.08/turn

%: no passive effects
@: no status effects
A: sickness immunity, AC +3, negative energy resistance 1, electricity
resistance, torment resistance 1, petrification resistance
a: no special abilities


You were on level 2 of the Dungeon.
You visited 1 branch of the dungeon, and saw 2 of its levels.

You collected 88 gold pieces.


Innate Abilities, Weirdness & Mutations

You are immune to sickness and miasma.
Your stone body is resilient. (AC +3)
You are immune to poison.
You resist negative energy. (rN+)
You are resistant to electric shocks. (rElec)
You are resistant to unholy torment.
You are immune to petrification.


   Skills:
 - Level 3.2 Fighting
 + Level 3.6 Axes
 - Level 3.2 Armour
 - Level 3.2 Shields


You had 2 spell levels left.
You didn't know any spells.
Your spell library was empty.

Inventory:

Hand Weapons
 a - a +0 whip
 Y - a +0 war axe (weapon)
Armour
 b - the +0 pair of gloves "Archaly" {Contam +Blink rCorr Str-2}
   (You found it on level 2 of the Dungeon)

   Str:       It affects your strength (-2).
   +Blink:    It lets you blink.
   Contam:    It causes magical contamination when unequipped.
   rCorr:     It protects you from acid and corrosion.
 c - a +0 buckler (worn)
 m - a +0 chain mail (worn)
Scrolls
 e - a scroll of noise {unknown}
Potions
 d - a potion of might
 j - a potion of enlightenment {unknown}
 k - a potion of cancellation {unknown}
 l - a potion of mutation {unknown}

Dungeon Overview and Level Annotations

Branches:
Dungeon (2/15)

Altars:

Annotations:
D:2 Sigmund


Message History

You are confused.
Something hits you but does no damage. Something hits you but does no damage.
Something hits you. Something hits you but does no damage.
You feel less confused.
You hear some strange, mumbled words.
You are confused.
You're too confused to move!
Something hits you but does no damage.
You bump into the rock wall.
Something hits you.
You barely miss something. Something hits you. Something hits you.
Something hits you but does no damage.
You feel less confused. Something hits you but does no damage.
You miss something. You miss something.
You hear some strange, mumbled words.
A magic dart appears from out of thin air!
The magic dart hits you but does no damage.
Something hits you!
You closely miss something. Something hits you but does no damage.
You hit something. Something hits you but does no damage.
You miss something. You closely miss something.
Sigmund appears from thin air!
Reactivating autopickup.
You block Sigmund's attack.
You hit Sigmund but do no damage.
Sigmund is moderately wounded.
Sigmund mumbles some strange words.
Sigmund flickers and vanishes!
Deactivating autopickup; reactivate with Ctrl-A.
Something hits you!
You die...

#.....##...# ###.#
+.....++...+ ....
#.....##...# ###.#
###.....##...#
####....
..<..........#
#....#.#
#..........####....#.#
##...).........[...#.#
###.{....#####.....#.#
#....@#### #.....#.#
#.###%# #.....#.# ..
#.# #.###...# ## #.#
#.# ##### .?# #.# #
### #.# # # #


There were no monsters in sight!

Vanquished Creatures
  An adder (D:2)
  4 dart slugs (D:1)
  3 ball pythons (D:1)
  2 bats
  3 endoplasms (D:1)
  A giant cockroach (D:1)
  2 hobgoblins (D:1)
  4 jackals (D:1)
  2 quokkas (D:1)
  3 frilled lizards (D:1)
  3 kobolds
  A rat (D:2)
29 creatures vanquished.

Notes
Turn   | Place    | Note
-------+----------+-------------------------------------------
     0 | D:1      | qw the Gargoyle Fighter began the quest for the Orb.
     0 | D:1      | Reached XP level 1. HP: 14/14 MP: 1/1
     0 | D:1      | 0 ||| qw: Version: 0.2-a-29-g511e9b1
     0 | D:1      | 0 ||| qw: Game counter: 5947
     0 | D:1      | 0 ||| qw: Always use a shield: true
     0 | D:1      | 0 ||| qw: God list: Okawaru
     0 | D:1      | 0 ||| qw: Allow faded altars: false
     0 | D:1      | 0 ||| qw: Do Orc after D:15 true
     0 | D:1      | 0 ||| qw: Do second Lair branch before Depths: true
     0 | D:1      | 0 ||| qw: Lair rune preference: random
     0 | D:1      | 0 ||| qw: Plans: Normal, Zot:1-4, Slime:5, God:TSO, Crypt,
                  | Tomb, Abyss, Pan, Hells, Win
     0 | D:1      | 0 ||| PLANNING D:1-11
    32 | D:1      | Reached XP level 2. HP: 19/19 MP: 2/2
    44 | D:1      | 44 ||| Stepping ~*~*~tactically~*~*~ (hiding).
   293 | D:1      | 293 ||| Stepping ~*~*~tactically~*~*~ (hiding).
   294 | D:1      | 294 ||| Stepping ~*~*~tactically~*~*~ (hiding).
   301 | D:1      | 301 ||| Stepping ~*~*~tactically~*~*~ (stealth).
   305 | D:1      | Reached skill level 3 in Axes
   340 | D:1      | Reached XP level 3. HP: 23/23 MP: 3/3
   775 | D:1      | 775 ||| UPGRADING to +0 chain mail.
   785 | D:1      | 785 ||| DROPPING +0 scale mail.
   786 | D:1      | 786 ||| READING scroll labelled ENARYS GE BOMI.
   787 | D:1      | 787 ||| READING scroll labelled ATSIOLEFUY.
   791 | D:1      | 791 ||| READING scroll labelled SUCAIM ITA.
   792 | D:1      | 792 ||| READING scroll labelled FEUDOA FIEZU.
   845 | D:2      | 845 ||| DROPPING +0 club.
   864 | D:2      | Identified the +0 pair of gloves "Archaly" {Contam +Blink
                  | rCorr Str-2}
   886 | D:2      | Noticed Sigmund
   911 | D:2      | HP: 4/23 [something (7)]
   916 | D:2      | Slain by Sigmund

Levels and vault maps discovered:
D:1:      mrwooster_arrival_arrow, layout_basic, supply_closet_lemuel
D:2:      layout_basic, basic_altar, uniq_sigmund, uniq_robin

Skill      XL: |  1  2 |
---------------+-------+-----
Axes           | 2 3 |  3.6
Fighting       | |  3.2
Armour         | |  3.2
Shields        | |  3.2

Action                     || total
---------------------------++-------
  Melee: War axe           ||    70
    Use: Scroll            ||     4
 Armour: Scale mail        ||    23
         Chain mail        ||    24
  Dodge: Dodged            ||    36
  Block: Buckler           ||    10

Table legend:
 A = Non-vault XP
 B = Vault XP
 C = Vault XP percentage of total XP
 D = Non-vault monster count
 E = Vault monster count
 F = Vault count percentage of total count
                 A         B        C        D         E       F
            +---------+---------+-------+---------+---------+-------
      Total |      69 |       0 |   0.0 |      29 |       0 |   0.0
            +---------+---------+-------+---------+---------+-------
        D:1 |      53 |       0 |   0.0 |      25 |       0 |   0.0
        D:2 |      16 |       0 |   0.0 |       4 |       0 |   0.0
            +---------+---------+-------+---------+---------+-------
